 Dungeon Sprint DCSS version 0.21-a0-349-g0c35859 (webtiles) character file.

195 Kidiri the Skirmisher (level 5, -4/51 HPs)
             Began as a Draconian Gladiator on Oct 8, 2017.
             Was a Priest of Trog.
             Slain by a warg (15 damage)
             ... in the Dungeon (Sprint VII: "The Pits").
             The game lasted 00:03:07 (253 turns).

Kidiri the Skirmisher (Draconian Gladiator)          Turns: 253, Time: 00:03:08

Health: -4/51      AC:  5    Str: 17    XL:     5   Next: 45%
Magic:  5/5        EV: 15    Int:  9    God:    Trog [***...]
Gold:   0          SH:  0    Dex: 12    Spells: 4/4 levels left

rFire    . . .     SeeInvis .   a - +2 mace (crush)
rCold    . . .     Gourm    .   (no shield)
rNeg     . . .     Faith    .   (armour unavailable)
rPois    .         Spirit   .   b - +0 hat
rElec    .         Reflect  .   (no cloak)
rCorr    .         Harm     .   (no gloves)
MR       .....     NoTele   +   (no boots)
Stlth    +.........             (no amulet)
HPRegen  0.17/turn              (no ring)
MPRegen  0.09/turn              (no ring)

@: berserk cooldown, slowed, very slow
A: unfitting armour, cold-blooded, AC +5
a: Berserk, Trog's Hand, Burn Spellbooks, Renounce Religion


You were in the Dungeon.
You worshipped Trog.
Trog was most pleased with you.
You were not hungry.

You visited 1 branch

Inventory:

Hand Weapons
 a - a +2 mace of crushing (weapon)
Missiles
 c - a throwing net (quivered)
Armour
 b - a +0 hat (worn)
Scrolls
 j - a scroll of blinking
 l - 3 scrolls of remove curse
 m - a scroll of summoning
Potions
 e - 7 potions of curing
 f - 6 potions of heal wounds
 g - a potion of haste
 h - 4 potions of magic
 i - 3 potions of berserk rage
 k - 2 potions of invisibility
Comestibles
 d - 8 bread rations
 n - 40 fruits
 o - 7 meat rations
 p - 11 chunks of flesh


   Skills:
 * Level 6.9 Fighting
 * Level 6.7 Maces & Flails
 + Level 4.2 Throwing
 * Level 6.1 Dodging


You had 4 spell levels left.
You didn't know any spells.

Dungeon Overview and Level Annotations

Branches:
Dungeon (1/1)

Altars:
Ashenzari
Cheibriados
Dithmenos
Elyvilon
Fedhas
Gozag
Hepliaklqana
Kikubaaqudgha
Makhleb
Nemelex Xobeh
Okawaru
Qazlal
Ru
Sif Muna
Trog
Uskayaw
Vehumet
Wu Jian
Xom
Yredelemnul
Zin
The Shining One
Beogh
Jiyva
Lugonu


Innate Abilities, Weirdness & Mutations

Your plain brown scales are hard. (AC +5)
You cannot fit into any form of body armour.
You are cold-blooded and may be slowed by cold attacks.


Message History

The warg is almost dead.
The warg completely misses you. The warg closely misses you.
The warg bites you.
Unknown command.
You hit the warg but do no damage.
The warg is almost dead.
The warg bites you! The warg closely misses you.
Unknown command.
You hit the warg but do no damage.
The warg is almost dead.
The warg bites you. x2
You hit the warg.
The warg is almost dead.
The warg misses you. The warg bites you!
* * * LOW HITPOINT WARNING * * *
Unknown command.
You hit the warg but do no damage.
The warg is almost dead.
The warg bites you!
You die...

##########.##.....
#.......)...'.....
#'#####+#####.....
#.#[[#.....##.....
#.#))#####+#####+#
#.#))#.....##.....
#.#))#.....##.....
#)#..###รท####.....
#@##+#.....##...<.
#h#........##.....
#.#........##.....
#'###########.....
#.....@.# ######
#..#s#.h# #.## #
#(. #.#


You could see a warg.

Vanquished Creatures
  A floating eye (D)
  An iguana (D)
  A worker ant (D)
  Terence (D)
  A gnoll (D)
  A river rat (D)
  A giant cockroach (D)
  A quokka (D)
  2 frilled lizards (D)
  A giant cockroach zombie (D)
11 creatures vanquished.

Notes
Turn   | Place    | Note
-------+----------+-------------------------------------------
     0 | D        | Kidiri the Draconian Gladiator began the quest for the Orb.
     0 | D        | Reached XP level 1. HP: 17/17 MP: 1/1
    12 | D        | Noticed a floating eye
    15 | D        | Killed a floating eye
    15 | D        | Reached skill level 5 in Fighting
    15 | D        | Reached skill level 5 in Maces & Flails
    15 | D        | Reached skill level 5 in Dodging
    15 | D        | Reached XP level 2. HP: 29/29 MP: 2/2
    15 | D        | Reached XP level 3. HP: 36/36 MP: 3/3
    15 | D        | Reached XP level 4. HP: 42/42 MP: 4/4
    20 | D        | Found a bloodstained altar of Trog.
    20 | D        | Found a deep blue altar of Sif Muna.
    20 | D        | Found a viscous altar of Jiyva.
    20 | D        | Found a hazy altar of Hepliaklqana.
    20 | D        | Found an opulent altar of Gozag.
    21 | D        | Found a glowing golden altar of the Shining One.
    21 | D        | Found a glowing silver altar of Zin.
    21 | D        | Found a basalt altar of Yredelemnul.
    21 | D        | Found a shimmering altar of Xom.
    21 | D        | Found an ornate altar of the Wu Jian Council.
    21 | D        | Found a sacrificial altar of Ru.
    21 | D        | Found a stormy altar of Qazlal.
    21 | D        | Found an iron altar of Okawaru.
    21 | D        | Found a sparkling altar of Nemelex Xobeh.
    21 | D        | Found a burning altar of Makhleb.
    21 | D        | Found a blossoming altar of Fedhas.
    21 | D        | Found a white marble altar of Elyvilon.
    21 | D        | Found a shadowy altar of Dithmenos.
    21 | D        | Found a snail-covered altar of Cheibriados.
    23 | D        | Found a radiant altar of Vehumet.
    23 | D        | Found a corrupted altar of Lugonu.
    23 | D        | Found a roughly hewn altar of Beogh.
    24 | D        | Found a hide-covered altar of Uskayaw.
    24 | D        | Found an ancient bone altar of Kikubaaqudgha.
    24 | D        | Found a shattered altar of Ashenzari.
    29 | D        | Became a worshipper of Trog the Wrathful
    92 | D        | Reached * piety under Trog
   118 | D        | Reached ** piety under Trog
   125 | D        | Reached XP level 5. HP: 50/50 MP: 5/5
   220 | D        | Noticed Terence
   221 | D        | Noticed a warg
   231 | D        | Killed Terence
   235 | D        | Reached *** piety under Trog
   253 | D        | Slain by a warg

Vault maps used:
D:        pitsprint

Skill      XL: |  1  2  3  4  5 |
---------------+----------------+-----
Fighting       | 5 6 |  6.9
Maces & Flails | 5 6 |  6.7
Throwing       | 3 4 |  4.2
Dodging        | 5 6 |  6.1

Action                   |  1- 3 |  4- 6 || total
-------------------------+-------+-------++-------
Melee: Flail             |     2 |       ||     2
       Tailslap          |     1 |     3 ||     4
       Mace              |       |    35 ||    35
Throw: Throwing net      |       |     2 ||     2
Invok: Berserk           |       |     2 ||     2
Armor: Skin              |       |     5 ||     5
Dodge: Dodged            |       |    30 ||    30

Table legend:
 A = Spawn XP
 B = Non-spawn XP
 C = Spawn XP percentage of total XP
 D = Spawn monster count
 E = Non-spawn monster count
 F = Spawn count percentage of total count
 G = Total turns spent on level
                    A         B        C        D         E        F      G
               +---------+---------+-------+---------+---------+-------+---------
         Total |       0 |     279 |   0.0 |       0 |      11 |   0.0 |   253
               +---------+---------+-------+---------+---------+-------+---------
             D |       0 |     279 |   0.0 |       0 |      11 |   0.0 |   253
               +---------+---------+-------+---------+---------+-------+---------
